 Dungeon Crawl Stone Soup version 0.30.0-29-ga12c61a403 (webtiles) character file.

Game seed: 3812881330080583968

1755 Bnni the Geomancer (level 9, -6/65 HPs)
             Began as a Formicid Earth Elementalist on June 13, 2023.
             Was a Follower of Cheibriados.
             Killed from afar by Maggie (34 damage)
             ... with a bolt of fire
             ... on level 6 of the Dungeon.
             The game lasted 00:11:57 (5758 turns).

Bnni the Geomancer (Formicid Earth Elementalist)    Turns: 5758, Time: 00:11:58

Health: -6/65      AC:  8    Str: 21    XL:     9   Next: 27%
Magic:  13/15      EV: 14    Int: 21    God:    Cheibriados [*.....]
Gold:   203        SH:  9    Dex: 16    Spells: 7/17 levels left

rFire   . . .        n - +5 great sword
rCold   . . .        t - +0 kite shield
rNeg    . . .        d - +0 scale mail
rPois   .            (helmet unavailable)
rElec   .            (no cloak)
rCorr   .            z - +0 pair of gloves
SInv    +            (no boots)
Will    .....        (no amulet)
Stlth   +            A - +6 ring of strength
HPRegen 0.30/turn    m - +5 ring of evasion
MPRegen 0.14/turn

%: no passive effects
@: mesmerised, very slow
A: permanent stasis, dig shafts and tunnels, antennae 3, four strong arms
a: Dig, Shaft Self, Renounce Religion, Bend Time


You were on level 6 of the Dungeon.
You worshipped Cheibriados.
Cheibriados was aware of your devotion.
You visited 2 branches of the dungeon, and saw 7 of its levels.

You collected 315 gold pieces.
You spent 112 gold pieces at shops.

Inventory:

Hand Weapons
 n - a +5 great sword (weapon)
Missiles
 u - 18 poisoned darts
Armour
 d - a +0 scale mail (worn)
 q - a +0 chain mail
 t - a +0 kite shield (worn)
 z - a +0 pair of gloves (worn)
Jewellery
 g - a ring of positive energy
 l - a ring of positive energy
 m - a +5 ring of evasion (right hand)
 A - a +6 ring of strength (left hand)
Wands
 c - a wand of acid (12)
Scrolls
 f - a scroll of fog {unknown}
 k - a scroll of teleportation {unknown}
 r - 2 scrolls of amnesia {unknown}
 s - 2 scrolls of immolation {unknown}
 v - a scroll of enchant armour {unknown}
 w - 2 scrolls of poison
 y - a scroll of torment {unknown}
Potions
 a - a potion of flight
 b - a potion of magic
 e - a potion of attraction {unknown}
 h - 2 potions of resistance
 i - a potion of heal wounds
 j - a potion of mutation
 o - a potion of lignification {unknown}
 x - 2 potions of curing {unknown}


   Skills:
 + Level 4.1 Fighting
 + Level 3.5 Armour
 - Level 1.7 Dodging
 - Level 2.4 Stealth
 + Level 4.2 Shields
 + Level 4.5 Spellcasting
 - Level 3.0 Conjurations
 - Level 3.0 Transmutations
 * Level 8.0 Earth Magic
 * Level 4.4 Invocations


You had 7 spell levels left.
You knew the following spells:

 Your Spells              Type           Power      Damage    Failure   Level
a - Sandblast             Erth           76%        2d16      2%          1
b - Passwall              Tmut/Erth      23%        N/A       11%         2
c - Stone Arrow           Conj/Erth      56%        3d10      22%         3
d - Petrify               Tmut/Erth      28%        N/A       56%         4

Your spell library contained the following spells:

 Spells                   Type           Power      Damage    Failure   Level
 Magic Dart               Conj           68%        1d6       21%         1
 Lee's Rapid Deconstruct  Erth           19%        3d11*     56%         5
 Call Imp                 Summ           8%         N/A       71%         2
 Mephitic Cloud           Conj/Pois/Air  9%         N/A       80%         3
 Tukima's Dance           Hex            4%         N/A       91%         3
 Volatile Blastmotes      Fire/Tloc      8%         2d10      91%         3
 Fulminant Prism          Conj/Hex       5%         3d7       98%         4
 Iskenderun's Mystic Bla  Conj/Tloc      11%        2d4       98%         4
 Passage of Golubria      Tloc           4%         N/A       100%        4
 Yara's Violent Unravell  Hex/Tmut       5%         3d4       100%        5


Dungeon Overview and Level Annotations

Branches:
Dungeon (6/15)             Temple (1/1) D:5

Altars:
Ashenzari
Cheibriados
Elyvilon
Hepliaklqana
Makhleb
Nemelex Xobeh
Uskayaw
Wu Jian
Yredelemnul
Zin
The Shining One

Shops:
D:4 *[

Annotations:
D:6 Maggie


Innate Abilities, Weirdness & Mutations

You cannot be hasted, slowed, berserked, paralysed or teleported.
You can dig through walls and to a lower floor.
You have a pair of large antennae on your head. (SInv)
Your four strong arms can wield two-handed weapons with a shield.


Message History

You kill Blork the orc!
Cheibriados appreciates the change of pace.
Your Earth Magic skill increases to level 8!
Things that are here:
a +0 hand axe; a +0 robe; the orc corpse of Blork the orc
Found a stone staircase leading up.
There is a stone staircase leading up here.
There is a stone staircase leading up here.
You sense a monster nearby.
Maggie the Vainglorious comes into view.
She is wielding a +0 broad axe.
Maggie gestures wildly while chanting.
Maggie attempts to bespell you!
You are mesmerised by Maggie!
You block Maggie's attack. Maggie hits you with a +0 broad axe!
You slash Maggie!
Maggie is moderately wounded.
Maggie hits you with a +0 broad axe!
You slash Maggie!
Maggie is heavily wounded.
Maggie casts a spell at you. The bolt of fire hits you!
You block Maggie's attack.
You are too injured to fight recklessly!
Unknown command.
Aiming: Sandblast (safe; 2% risk of failure)
Press: ? - help, Q - select action, (/) - cycle Shift-Dir - straight line, f - Maggie
Aim: Maggie, wielding a +0 broad axe and wearing +0 swamp dragon scales (heavily wounded, mesmerising, 86% to hit)
The blast of sand hits Maggie!
Maggie is severely wounded.
Maggie gestures wildly while chanting.
Maggie draws you further into her thrall.
Maggie hits you with a +0 broad axe.
Aiming: Sandblast (safe; 2% risk of failure)
Press: ? - help, Q - select action, (/) - cycle Shift-Dir - straight line, f/p - Maggie
Aim: Maggie, wielding a +0 broad axe and wearing +0 swamp dragon scales (severely wounded, mesmerising, 86% to hit)
The blast of sand hits Maggie.
Maggie is severely wounded.
Maggie casts a spell at you. The bolt of fire hits you!!
Ouch! That really hurt!
You die...

#............#
#.#
#############.#
#.# ...# #.#
#.# ##.# #.#
#.# #.# #.# #.#
#.# #.#### #.#
#.# #....# #.#
#.# ####.# #.#
#.# #@# #.# #.#
#@# #.#
##.#########
#.# #.#
)...........
..# #.#
###.########
### #.# #)# #.#
#)# ##.#
###.#########
#..#
............#
#.##


You could see Maggie (mesmerising).

Vanquished Creatures
  The ghost of purpleHaze the Shooter, a novice HuHu (D:5)
  A water moccasin (D:5)
  An ice beast (D:6)
  An ogre (D:5)
  2 centaurs
  A phantom (D:5)
  Blork the orc (D:6)
  A kobold brigand (D:5)
  A bullfrog (D:6)
  2 scorpions (D:5)
  3 wights (D:6)
  A jelly (D:6)
  A gnoll bouda (D:5)
  3 hounds
  An iguana (D:5)
  3 orc wizards
  3 gnolls (D:5)
  6 adders
  A white imp (D:5)
  An ufetubus (D:5)
  4 worms
  2 dart slugs (D:2)
  16 orcs
  6 ball pythons
  5 endoplasms
  4 giant cockroaches
  9 goblins
  8 hobgoblins
  2 jackals (D:4)
  4 kobolds
  6 quokkas
  4 bats
  4 frilled lizards
  8 rats
117 creatures vanquished.

Notes
Turn   | Place    | Note
-------+----------+-------------------------------------------
     0 | D:1      | Bnni the Formicid Earth Elementalist began the quest for
                  | the Orb.
     0 | D:1      | Reached XP level 1. HP: 13/13 MP: 3/3
   219 | D:1      | Reached XP level 2. HP: 18/19 MP: 1/5
   586 | D:1      | Reached XP level 3. HP: 25/25 MP: 0/6
   589 | D:1      | Learned a level 2 spell: Passwall
   593 | D:1      | Learned a level 3 spell: Stone Arrow
   688 | D:1      | Reached skill level 4 in Earth Magic
   873 | D:2      | Reached skill level 1 in Conjurations
  1182 | D:2      | Reached skill level 1 in Fighting
  1182 | D:2      | Reached XP level 4. HP: 32/32 MP: 4/7
  2016 | D:3      | Reached XP level 5. HP: 32/37 MP: 1/8
  2727 | D:4      | Found a basalt altar of Yredelemnul.
  2839 | D:4      | Found Leodiw's Antique Armour Shoppe.
  2908 | D:4      | Identified the +5 barding of the Harvest {rF+ Int+4}
  3061 | D:4      | Found Zin's Purification Station.
  3062 | D:4      | Found a glowing silver altar of Zin.
  3141 | D:4      | Reached skill level 5 in Earth Magic
  3141 | D:4      | Reached XP level 6. HP: 38/44 MP: 4/10
  3203 | D:4      | Found a broken altar of Ashenzari.
  3325 | D:5      | Entered Level 5 of the Dungeon
  3342 | D:5      | Learned a level 4 spell: Petrify
  3343 | D:5      | Found a runed translucent gate.
  3343 | D:5      | Found a runed translucent gate.
  3345 | D:5      | Found a runed translucent gate.
  3348 | D:5      | Noticed purpleHaze's ghost (novice HuHu)
  3368 | D:5      | Identified the +8 sling of the Wasteland {heavy, rF+ Int-5
                  | Dex+2}
  3648 | D:5      | Noticed an ogre
  3653 | D:5      | Killed an ogre
  3654 | D:5      | Reached skill level 1 in Armour
  3654 | D:5      | Reached XP level 7. HP: 16/51 MP: 7/11
  3977 | D:4      | Bought a kite shield for 112 gold pieces
  4060 | D:5      | Found an ornate altar of the Wu Jian Council.
  4070 | D:5      | Reached skill level 1 in Shields
  4119 | D:5      | Noticed a water moccasin
  4123 | D:5      | Reached skill level 6 in Earth Magic
  4130 | D:5      | Killed a water moccasin
  4279 | D:5      | Found a staircase to the Ecumenical Temple.
  4285 | Temple   | Entered the Ecumenical Temple
  4293 | Temple   | Became a worshipper of Cheibriados the Contemplative
  4318 | D:5      | Reached XP level 8. HP: 45/57 MP: 9/13
  4622 | D:5      | Reached skill level 1 in Invocations
  4704 | D:5      | Killed purpleHaze's ghost
  4705 | D:5      | Reached skill level 7 in Earth Magic
  4956 | D:6      | Reached * piety under Cheibriados
  5071 | D:6      | Reached XP level 9. HP: 62/65 MP: 12/15
  5607 | D:6      | Noticed Blork the orc
  5613 | D:6      | Killed Blork the orc
  5614 | D:6      | Reached skill level 8 in Earth Magic
  5752 | D:6      | Noticed Maggie
  5758 | D:6      | Killed from afar by Maggie

Illustrated notes

Levels and vault maps discovered:
D:1:      minmay_arrival_glassed_features, layout_loops_ring
D:2:      layout_loops_ring
D:3:      layout_loops_cross, amcnicky_mini_pool_small, st_stairs_8
D:4:      layout_cave_pools, zin_purify, yredelemnul_altar_generic,
          mainiacjoe_overflow_alcove_4, serial_shops, shop
D:5:      layout_gridville, mainiacjoe_overflow_alcove_1,
          minmay_temple_entry_enclosed_plants, gammafunk_ghost_split
D:6:      layout_loops_ring, uniq_blork_the_orc, uniq_maggie
Temple:   nicolae_temple_little_seven

Skill      XL: |  1  2  3  4  5  6  7  8  9 |
---------------+----------------------------+-----
Earth Magic    | 4 5 6 7 8 |  8.0
Conjurations   | 1 2 3 |  3.0
Transmutations | 2 3 |  3.0
Fighting       | 1 2 3 4 |  4.1
Spellcasting   | 3 4 |  4.5
Armour         | 1 2 3 |  3.5
Shields        | 2 3 4 |  4.2
Invocations    | 3 4 |  4.4
Dodging        | |  1.7
Stealth        | |  2.4

Action                     |  1- 3 |  4- 6 |  7- 9 || total
---------------------------+-------+-------+-------++-------
  Melee: Dagger            |    17 |       |       ||    17
         Quarterstaff      |       |    33 |       ||    33
         Flail             |       |    17 |     4 ||    21
         Great sword       |       |       |    11 ||    11
   Cast: Sandblast         |    38 |    94 |    77 ||   209
Ability: Dig               |       |       |     1 ||     1
    Use: Scroll            |       |       |     7 ||     7
 Armour: Robe              |     8 |       |       ||     8
         Leather armour    |       |    15 |     3 ||    18
         Scale mail        |       |       |    11 ||    11
  Dodge: Dodged            |    18 |    98 |    50 ||   166
  Block: Kite shield       |       |       |    38 ||    38
